 Dungeon Crawl Stone Soup version 0.28.0 (webtiles) character file.

Game seed: 547313656773756512

938 bande the Chopper (level 8, -7/49 HPs)
             Began as a Gargoyle Fighter on Feb 8, 2022.
             Mangled by an iguana (9 damage)
             ... on level 5 of the Dungeon.
             The game lasted 00:06:29 (4932 turns).

bande the Chopper (Gargoyle Fighter)                Turns: 4932, Time: 00:06:30

Health: -7/49      AC: 16    Str: 19    XL:     8   Next: 12%
Magic:  8/8        EV:  7    Int: 10    God:
Gold:   255        SH:  4    Dex: 11    Spells: 7/7 levels left

rFire   . . .      SeeInvis .   k - +2 war axe (vorpal)
rCold   . . .      Faith    .   c - +0 buckler
rNeg    + . .      Spirit   .   q - +0 chain mail
rPois   ∞          Reflect  .   (no helmet)
rElec   +          Harm     .   i - +0 cloak
rCorr   .          Rampage  .   (no gloves)
Will    .....                   (no boots)
Stlth   ..........              (no amulet)
HPRegen 0.16/turn               (no ring)
MPRegen 0.11/turn               (no ring)

@: no status effects
A: sickness immunity, AC +5, negative energy resistance 1, electricity
resistance, torment resistance 1, petrification resistance
a: no special abilities


You were on level 5 of the Dungeon.
You visited 2 branches of the dungeon, and saw 6 of its levels.

You collected 255 gold pieces.

Inventory:

Hand Weapons
 a - a +1 war axe
 k - a +2 vorpal war axe (weapon)
 r - a +5 vorpal flail
Missiles
 b - 4 boomerangs of dispersal
 f - a throwing net (quivered)
Armour
 c - a +0 buckler (worn)
 i - a +0 cloak (worn)
 p - the +0 cloak "Beuptun" {*Slow rF++ Int+3}
   (You found it on level 3 of the Dungeon)

   Int:       It affects your intelligence (+3).
   rF:        It greatly protects you from fire.
   *Slow:     It may slow you when you take damage.
 q - a +0 chain mail (worn)
Wands
 m - a wand of mindburst (10)
 o - a wand of iceblast (5)
 t - a wand of polymorph (11)
Scrolls
 v - a scroll of fear
Potions
 d - a potion of might
 e - 2 potions of lignification {unknown}
 g - a potion of ambrosia {unknown}
 h - a potion of curing {unknown}
 j - 2 potions of heal wounds
 l - a potion of berserk rage {unknown}
 n - a potion of degeneration {unknown}
 s - a potion of flight {unknown}
 u - a potion of brilliance {unknown}


   Skills:
 + Level 5.0 Fighting
 + Level 5.7 Axes
 + Level 5.4 Armour
 + Level 4.3 Shields
 * Level 2.8 Evocations


You had 7 spell levels left.
You didn't know any spells.
Your spell library was empty.

Dungeon Overview and Level Annotations

Branches:
Dungeon (5/15)             Temple (1/1) D:4

Altars:
Elyvilon
Gozag
Hepliaklqana
Kikubaaqudgha
Ru
Trog
Uskayaw
Vehumet
Wu Jian
Xom
Zin


Innate Abilities, Weirdness & Mutations

You are immune to sickness and miasma.
Your stone body is resilient. (AC +5)
You are immune to poison.
You resist negative energy. (rN+)
You are resistant to electric shocks. (rElec)
You are resistant to unholy torment.
You are immune to petrification.


Message History

No target in view!
No target in view!
You open the door.
Found a stone staircase leading down.
A two-headed ogre, a phantom and an iguana come into view.
The two-headed ogre shouts in stereo!
The iguana hisses angrily.
There is an open door here.
You hit the two-headed ogre.
The two-headed ogre is lightly wounded.
You hit the iguana.
The two-headed ogre hits you with a +0 giant club!
The two-headed ogre barely misses you. The iguana bites you!
You barely miss the iguana.
The iguana is moderately wounded.
You hit the two-headed ogre but do no damage.
The two-headed ogre hits you with a +0 giant club.
You block the two-headed ogre's attack.
The iguana bites you but does no damage.
You hit the iguana.
The iguana is severely wounded.
You slash the two-headed ogre! The two-headed ogre barely misses you.
The two-headed ogre hits you with a +0 giant spiked club!!
Ouch! That really hurt!
* * * LOW HITPOINT WARNING * * *
The iguana bites you but does no damage.
You feel much better. You block the iguana's attack.
The two-headed ogre hits you with a +0 giant club!
* * * LOW HITPOINT WARNING * * *
The two-headed ogre hits you with a +0 giant spiked club.
* * * LOW HITPOINT WARNING * * *
You hit the two-headed ogre.
The two-headed ogre is moderately wounded.
You completely miss the phantom. You hit the iguana.
The iguana barely misses you. The phantom hits you.
* * * LOW HITPOINT WARNING * * *
The two-headed ogre barely misses you.
The two-headed ogre hits you with a +0 giant spiked club!
* * * LOW HITPOINT WARNING * * *
The iguana bites you!
You die...

.#,,,********,,**,**,**,,,,**
.#,,,*,,,..........#,,,,,,,,*
.+,,,*,,,......>...#,,,,,,,,*
.#,,,*,,,..........#,,,,,,,,*
,*,,,*,,,..........#,,,,,,,,*
,*,,,*,,,..........#,,..,,,,*
,*,,,*,,,..........#....,,,,*
,*,,,+,,,......lWO.'....,,,,*
,******,,,**####@##*,,,,,,,**
,*,,,**,,,###.....##********
,*,,,,,,,,#........#
,+,,,,,,,,#........#
.*,,,,,,..#....>...#
,*,,,***#.##.###############
#########.##'##............##
............................#
..........................(.#


You could see a two-headed ogre, a phantom and an iguana.

Vanquished Creatures
  Edmund (D:4)
  A black bear (D:4)
  A centaur (D:5)
  Blork the orc (D:4)
  A scorpion (D:3)
  A water moccasin zombie (D:4)
  4 crimson imps (D:4)
  A howler monkey (D:5)
  A hound (D:5)
  A bullfrog zombie (D:5)
  Ijyb (D:3)
  2 hound zombies (D:5)
  4 gnolls (D:5)
  4 adders
  A howler monkey skeleton (D:5)
  An ufetubus (D:4)
  2 worms
  4 dart slugs
  7 bats
  A bat zombie (D:4)
  9 endoplasms
  3 giant cockroaches
  3 goblins
  11 hobgoblins
  8 jackals
  3 quokkas
  5 ball pythons
  5 frilled lizards
  4 kobolds
  2 rats (D:1)
93 creatures vanquished.

Vanquished Creatures (others)
  4 toadstools (D:1)
4 creatures vanquished.

Grand Total: 97 creatures vanquished

Notes
Turn   | Place    | Note
-------+----------+-------------------------------------------
     0 | D:1      | bande the Gargoyle Fighter began the quest for the Orb.
     0 | D:1      | Reached XP level 1. HP: 14/14 MP: 1/1
   130 | D:1      | Reached XP level 2. HP: 14/19 MP: 2/2
   619 | D:1      | Reached XP level 3. HP: 24/24 MP: 3/3
  1228 | D:2      | HP: 1/24 [kobold (5)]
  1230 | D:2      | Reached XP level 4. HP: 1/29 MP: 4/4
  2090 | D:2      | Found a faded altar of an unknown god.
  2248 | D:3      | Noticed a scorpion
  2256 | D:3      | Killed a scorpion
  2257 | D:3      | Reached XP level 5. HP: 27/33 MP: 5/5
  2604 | D:3      | Noticed Ijyb
  2618 | D:3      | Killed Ijyb
  2622 | D:3      | Identified the +0 cloak "Beuptun" {*Slow rF++ Int+3}
  3084 | D:4      | Noticed Blork the orc
  3098 | D:4      | Killed Blork the orc
  3099 | D:4      | Reached skill level 1 in Evocations
  3099 | D:4      | Reached XP level 6. HP: 21/38 MP: 6/6
  3289 | D:4      | Noticed Edmund
  3302 | D:4      | Killed Edmund
  3303 | D:4      | Reached XP level 7. HP: 38/44 MP: 7/7
  3353 | D:4      | Found a shimmering altar of Xom.
  3660 | D:4      | Found a staircase to the Ecumenical Temple.
  3675 | Temple   | Entered the Ecumenical Temple
  4086 | D:4      | Reached skill level 5 in Axes
  4086 | D:4      | Reached skill level 5 in Armour
  4320 | D:4      | Found an ancient bone altar of Kikubaaqudgha.
  4341 | D:5      | Entered Level 5 of the Dungeon
  4768 | D:5      | Reached XP level 8. HP: 37/48 MP: 8/8
  4923 | D:5      | Reached skill level 5 in Fighting
  4927 | D:5      | Noticed a two-headed ogre
  4932 | D:5      | HP: 2/49 [two-headed ogre (8)]
  4932 | D:5      | Mangled by an iguana

Illustrated notes

Levels and vault maps discovered:
D:1:      ldierk_walled_garden_2, layout_loops_ring
D:2:      layout_loops_ring, ebering_ecumenical_altar_petrified,
          grunt_ministairs_11
D:3:      layout_basic, amcnicky_mini_corridor_feature, chequers_garden,
          uniq_ijyb
D:4:      layout_basic, lemuel_zombie_altar_kikubaaqudgha, led_xom_imps,
          minmay_temple_entry_drinking_statues, uniq_blork_the_orc, uniq_edmund
D:5:      layout_gridville, nemelex_diamond_rough_becter
Temple:   nicolae_temple_figure_zero

Skill      XL: |  1  2  3  4  5  6  7  8 |
---------------+-------------------------+-----
Axes           | 2 3 4 5 |  5.7
Armour         | 4 5 |  5.4
Fighting       | 4 5 |  5.0
Evocations     | 1 2 |  2.8
Shields        | 4 |  4.3

Action                   |  1- 3 |  4- 6 |  7- 9 || total
-------------------------+-------+-------+-------++-------
Melee: War axe           |   135 |    80 |    81 ||   296
  Use: Scroll            |     3 |     2 |     2 ||     7
       Potion            |       |     1 |     1 ||     2
Armor: Scale mail        |    72 |    32 |       ||   104
       Chain mail        |       |    18 |    70 ||    88
Dodge: Dodged            |    72 |    28 |    47 ||   147
Block: Buckler           |    30 |    22 |    26 ||    78
